 Dungeon Crawl Stone Soup version 0.19-a0-1008-g4c63d25 (webtiles) character file.

64 epen the Firebug (level 3, -4/20 HPs)
             Began as a Deep Elf Fire Elementalist on July 22, 2016.
             Slain by a gnoll
             ... wielding a +0 spear
              (5 damage)
             ... on level 1 of the Dungeon.
             The game lasted 00:02:15 (1465 turns).

epen the Firebug (Deep Elf Fire Elementalist)       Turns: 1465, Time: 00:02:16

Health: -4/20      AC:  3    Str:  5    XL:     3   Next: 91%
Magic:  8/10       EV: 13    Int: 20    God:
Gold:   51         SH:  0    Dex: 15    Spells: 3 memorised, 3 levels left

rFire  . . .     SeeInvis .     e - +0 dagger
rCold  . . .     Gourm    .     a - +0 robe
rNeg   . . .     Faith    +     (no shield)
rPois  .         Spirit   .     (no helmet)
rElec  .         Dismiss  .     (no cloak)
rCorr  .         Reflect  .     d - +0 pair of gloves (curse)
SustAt .         Harm     .     (no boots)
MR     .....                    j - amulet of faith (curse)
Stlth  ++........               (no ring)
                                (no ring)

@: lethally poisoned (-4 -> -8), not resistant to hostile enchantments,
unstealthy
A: no striking features
a: no special abilities


You were on level 1 of the Dungeon.
You were not hungry.

You visited 1 branch of the dungeon, and saw 2 of its levels.

You collected 51 gold pieces.

Inventory:

Hand Weapons
 e - a +0 dagger (weapon)
Armour
 a - a +0 robe (worn)
 d - a cursed +0 pair of gloves (worn)
Jewellery
 h - a +6 ring of strength {unknown}
 j - a cursed amulet of faith (around neck)
Scrolls
 g - 2 scrolls of recharging {unknown}
 l - a scroll of identify {unknown}
 m - a scroll of magic mapping {unknown}
 n - a scroll of remove curse {unknown}
Potions
 i - a potion of curing {unknown}
Books
 b - a book of Flames

   Spells                             Type                      Level
   a - Flame Tongue                   Conjuration/Fire             1
   b - Throw Flame                    Conjuration/Fire             2
   c - Conjure Flame                  Conjuration/Fire             3
   d - Inner Flame                    Hexes/Fire                   3
   e - Sticky Flame                   Conjuration/Fire             4
   f - Fireball                       Conjuration/Fire             5
Comestibles
 c - a bread ration
 f - a beef jerky


   Skills:
 + Level 1.0 Fighting
 + Level 2.9 Dodging
 - Level 2.4 Stealth
 + Level 3.5 Spellcasting
 * Level 1.9 Conjurations
 * Level 4.1 Fire Magic


You had 3 spell levels left.
You knew the following spells:

 Your Spells              Type           Power        Failure   Level  Hunger
a - Flame Tongue          Conj/Fire      ###..        4%          1    None
b - Throw Flame           Conj/Fire      ###...       10%         2    ##.....
c - Conjure Flame         Conj/Fire      ###.....     14%         3    ###....


Dungeon Overview and Level Annotations

Branches:
Dungeon (2/15)

Altars:


Message History

Casting: Flame Tongue
Confirm with . or Enter, or press ? or * to list all spells.
Aiming: Flame Tongue
Press: ? - help, Shift-Dir - straight line, f - gnoll
Aim: a gnoll, wielding a spear The flame tongue hits the gnoll.
The gnoll is almost dead.
The gnoll hits you with a spear.
* * * LOW HITPOINT WARNING * * *
The adder barely misses you.
Casting: Flame Tongue
Confirm with . or Enter, or press ? or * to list all spells.
Aiming: Flame Tongue
Press: ? - help, Shift-Dir - straight line, f/p - gnoll
Aim: a gnoll, wielding a spear (almost dead)
The flame tongue hits the gnoll.
The gnoll is almost dead.
* * * LOW HITPOINT WARNING * * *
You feel sick. The adder misses you. The gnoll hits you with a spear.
You die...

#.# #.# #.######
##.#########.###.##
#.................#####
#..##########.##.......
#..# #.##.###### #..#
#.##.# #..# #.##.#
#..###### #.##.#
#....g@.# #.##.##
#.#####S#####.#...#
#.#####...........#
#..........)..#...#
###################


You could see a gnoll and an adder.

Vanquished Creatures
  A gnoll (D:1)
  3 adders (D:2)
  2 giant geckos (D:1)
  A hobgoblin (D:2)
  5 jackals
  4 kobolds
  A quokka (D:2)
  A ball python (D:2)
  A bat (D:2)
  4 giant newts
  2 goblins
  3 rats (D:1)
28 creatures vanquished.

Notes
Turn   | Place    | Note
-------+----------+-------------------------------------------
     0 | D:1      | epen the Deep Elf Fire Elementalist began the quest for the Orb.
     0 | D:1      | Reached XP level 1. HP: 10/10 MP: 6/6
   302 | D:1      | Reached XP level 2. HP: 7/15 MP: 6/8
   931 | D:2      | Reached XP level 3. HP: 19/19 MP: 7/10
   935 | D:2      | Learned a level 2 spell: Throw Flame
   939 | D:2      | Learned a level 3 spell: Conjure Flame
   979 | D:2      | Reached skill level 4 in Fire Magic
  1038 | D:2      | HP: 1/20 [gnoll/spear (12)]
  1363 | D:1      | Reached skill level 1 in Fighting
  1465 | D:1      | HP: 1/20 [poisoned by an adder]
  1465 | D:1      | Slain by a gnoll

Vault maps used:
D:1:      dpeg_arrival_stonehenge_8_columns
D:2:      kennysheep_decorative_pillar

Skill      XL: |  1  2  3 |
---------------+----------+-----
Fire Magic     | 4 |  4.1
Fighting       | 1 |  1.0
Dodging        | |  2.9
Stealth        | |  2.4
Spellcasting   | |  3.5
Conjurations   | |  1.9

Action                   || total
-------------------------++-------
Melee: Dagger            ||    57
 Cast: Flame Tongue      ||    29
       Throw Flame       ||     1
 Stab: Sleeping          ||     3
  Eat: Bread ration      ||     1
Armor: Robe              ||    21
Dodge: Dodged            ||    60
